 Dungeon Crawl Stone Soup version 0.31-b1-22-gc680215f68 (webtiles) character file.

Game seed: 10345440150852915128

24424 groovy9 the Grappler (level 12, -9/183 HPs)
             Began as a Troll Fighter on Jan 18, 2024.
             Was an Elder of Okawaru.
             Mangled by a 17-headed hydra (13 damage)
             ... on level 4 of the Lair of Beasts.
             The game lasted 00:40:19 (10153 turns).

groovy9 the Grappler (Troll Fighter)               Turns: 10153, Time: 00:40:20

Health: -9/183     AC: 11    Str: 31    XL:     12   Next: 80%
Magic:  0/15       EV: 18    Int:  4    God:    Okawaru [****..]
Gold:   962        SH: 12    Dex:  9    Spells: 11/11 levels left

rFire   . .          .
                       - Unarmed
rCold   . . .        b - +0 kite shield
rNeg    . . .        v - +0 troll leather armour
rPois   .            m - +0 hat
rElec   .            u - +1 cloak
rCorr   .            (gloves unavailable)
SInv    .            (boots unavailable)
Will    .....        D - amulet of guardian spirit Stlth
                     e - +4 ring of protection
HPRegen 2.10/turn    k - +5 ring of evasion
MPRegen 0.14/turn

%: guardian spirit
@: berserking, heroic, very quick
A: large, unfitting armour, claws 3, regeneration 1, shaggy fur 1, tough skin 1
a: Renounce Religion, Heroism, Finesse


You were on level 4 of the Lair of Beasts.
You worshipped Okawaru.
Okawaru was greatly pleased with you.
You visited 4 branches of the dungeon, and saw 16 of its levels.

You collected 962 gold pieces.

Inventory:

Missiles
 f - 3 javelins (quivered)
 l - a large rock
Armour
 b - a +0 kite shield (worn)
 m - a +0 hat (worn)
 u - a +1 cloak (worn)
 v - a +0 troll leather armour (worn)
 F - the +3 hat of Pondering {ponderous, Will+ MP+10 Int+5}
   (You took it off Gastronok on level 9 of the Dungeon)

   Int+5:     It affects your intelligence (+5).
   Will+:     It increases your willpower.
   MP+10:     It affects your magic capacity (+10).
Jewellery
 c - a +6 ring of dexterity
 e - a +4 ring of protection (left claw)
 h - a ring of wizardry
 k - a +5 ring of evasion (right claw)
 q - a ring of magical power
 w - a ring of protection from cold
 x - a ring of positive energy
 C - a ring of protection from cold
 D - an amulet of guardian spirit (around neck)
 G - a ring of resist corrosion
 K - a +4 ring of protection
Wands
 s - a wand of roots (4)
 J - a wand of polymorph (6)
Scrolls
 d - 3 scrolls of revelation
 g - 4 scrolls of vulnerability
 n - a scroll of butterflies {unknown}
 p - a scroll of poison {unknown}
 t - a scroll of teleportation {unknown}
 y - a scroll of amnesia {unknown}
 B - 2 scrolls of immolation {unknown}
 H - a scroll of enchant weapon {unknown}
 I - 4 scrolls of enchant armour
Potions
 i - 6 potions of attraction
 j - 2 potions of enlightenment
 o - 6 potions of mutation
 r - a potion of invisibility
 z - a potion of resistance {unknown}
 A - a potion of brilliance
 E - a potion of magic


   Skills:
 + Level 8.4(13.4) Fighting
 + Level 8.0(13.0) Throwing
 + Level 8.5(13.5) Dodging
 + Level 9.3(14.3) Shields
 + Level 9.8(14.8) Unarmed Combat
 + Level 5.8 Invocations


You had 11 spell levels left.
You didn't know any spells.
Your spell library contained the following spells:

 Spells                   Type           Power      Damage    Failure   Level
 Shock                    Conj/Air       0%         1d3       65%         1
 Cigotuvi's Dreadful Rot  Necr/Alch/Air  0%         N/A       78%         2
 Dazzling Flash           Conj/Hex       0%         N/A       95%         3
 Frozen Ramparts          Ice            0%         1d1       95%         3
 Gell's Gravitas          Tloc           0%         N/A       95%         3
 Mephitic Cloud           Conj/Alch/Air  0%         N/A       95%         3
 Swiftness                Air            0%         N/A       95%         3
 Teleport Other           Tloc           0%         N/A       95%         3
 Airstrike                Air            0%         2d(0-16)  100%        4
 Ignite Poison            Fire/Alch      0%         N/A       100%        4
 Leda's Liquefaction      Alch/Erth      0%         N/A       100%        4
 Petrify                  Alch/Erth      0%         N/A       100%        4
 Curse of Agony           Necr           0%         N/A       100%        5
 Freezing Cloud           Conj/Ice/Air   0%         6-21      100%        5
 Metabolic Englaciation   Hex/Ice        0%         N/A       100%        5
 Silence                  Hex/Air        0%         N/A       100%        5
 Dispersal                Tloc           0%         N/A       100%        6


Dungeon Overview and Level Annotations

Branches:
Dungeon (10/15)            Temple (1/1) D:6            Lair (4/5) D:9
 Shoals (0/4) Lair:2        Snake (0/4) Lair:2          Orc (1/2) D:9
  Slime: Lair:4-5

Altars:
Ashenzari
Cheibriados
Dithmenos
Elyvilon
Fedhas
Gozag
Hepliaklqana
Kikubaaqudgha
Makhleb
Nemelex Xobeh
Okawaru
Qazlal
Ru
Sif Muna
Trog
Uskayaw
Vehumet
Wu Jian
Xom
Yredelemnul
Zin
The Shining One

Shops:
D:2 (   D:6 *

Annotations:
D:8 3 runed translucent doors, howech's ghost, novice MiBe
Lair:1 1 runed translucent door, rozman's ghost, novice DsGl
Lair:4 1 transporter
Orc:1 Erica


Innate Abilities, Weirdness & Mutations

You are too large for most types of armour.
You have claws for hands.
Your natural rate of healing is unusually fast.
You are covered in fur. (AC +1)
You have tough skin. (AC +1)


Message History

The 15-headed hydra misses you.
The 15-headed hydra completely misses you.
The 15-headed hydra bites you.
The 15-headed hydra bites you but does no damage.
Okay, then.
A red film seems to cover your vision as you go berserk!
Your finesse ends abruptly.
You feel yourself moving faster!
You feel mighty! The 15-headed hydra barely misses you.
The 15-headed hydra closely misses you. The 15-headed hydra bites you!
The 15-headed hydra closely misses you. The 15-headed hydra bites you.
You block the 15-headed hydra's attack. The 15-headed hydra bites you.
* * * LOW HITPOINT WARNING * * *
The 15-headed hydra bites you!
* * * LOW HITPOINT WARNING * * *
The 15-headed hydra completely misses you.
The 15-headed hydra barely misses you. You block the 15-headed hydra's attack.
The 15-headed hydra barely misses you.
The 15-headed hydra bites you but does no damage.
The 15-headed hydra closely misses you. The 15-headed hydra misses you.
You claw one of the 15-headed hydra's heads off!
The 14-headed hydra grows two more!
You claw the 16-headed hydra!
The 16-headed hydra is moderately wounded.
You rip one of the 16-headed hydra's heads off!
The 15-headed hydra grows two more!
You mangle the 17-headed hydra!!
The 17-headed hydra is heavily wounded.
You block the 17-headed hydra's attack. The 17-headed hydra closely misses you.
The 17-headed hydra bites you!
* * * LOW HITPOINT WARNING * * *
You block the 17-headed hydra's attack. The 17-headed hydra bites you!
* * * LOW HITPOINT WARNING * * *
You block the 17-headed hydra's attack. The 17-headed hydra bites you!
* * * LOW HITPOINT WARNING * * *
The 17-headed hydra bites you.
* * * LOW HITPOINT WARNING * * *
The 17-headed hydra completely misses you.
The 17-headed hydra bites you!
* * * LOW HITPOINT WARNING * * *
The 17-headed hydra misses you. The 17-headed hydra closely misses you.
The 17-headed hydra bites you!
You die...

.......# ...##..#
..#.... ...##### .......
...## ....... ....#
....... ...### #####
....... .....#
##.#.###....... ....##
##...###.......#
...######.......@D....#
...##......#########....
...........#♣#w#w# # .
..........## ≈≈#≈≈
#.........#PPPP○PPP
###......©#©^^^^^^○+
###.....#PPPPP○PP#
###...##≈≈≈≈#≈§#
.....##w#


You could see a 17-headed hydra and a swamp worm.

Vanquished Creatures
  Gastronok (D:9)
  Harold (D:10)
  2 hydras
  A boulder beetle (Lair:4)
  A two-headed ogre (D:4)
  Nergalle (Lair:1)
  Amaemon (Lair:1)
  3 skysharks
  2 harpies (Lair:2)
  Maurice (D:8)
  2 kobold blastminers
  An orange demon (Lair:1)
  5 cane toads
  2 black mambas
  6 komodo dragons
  2 trolls
  3 polar bears
  A dream sheep (Lair:3)
  Sigmund (D:3)
  2 wraiths (D:10)
  19 yaks
  3 wyverns
  2 steam dragons (D:4)
  A two-headed ogre zombie (D:9)
  3 nagas (Lair:2)
  An acid dragon (D:9)
  11 water moccasins
  3 black bears
  6 ogres
  6 orc warriors
  9 wolves
  3 centaurs
  4 phantoms
  2 kobold brigands
  6 bullfrogs
  A troll zombie (D:9)
  5 killer bees (D:10)
  5 howler monkeys
  5 bombardier beetles
  A crimson imp (D:5)
  7 hounds
  8 orc priests
  3 jellies
  A sleepcap (D:8)
  4 iguanas
  A gnoll bouda (Lair:3)
  8 orc wizards
  6 ogre zombies (D:9)
  8 gnolls
  12 adders
  2 shadow imps (D:7)
  4 ufetubi
  A ribbon worm (D:4)
  2 dart slugs
  39 orcs
  10 bats
  5 endoplasms
  4 giant cockroaches
  3 gnoll zombies (D:9)
  6 goblins
  10 hobgoblins
  4 jackals (D:3)
  4 quokkas
  6 ball pythons
  2 frilled lizards (D:1)
  5 gnoll skeletons (D:9)
  A goblin skeleton (D:5)
  3 goblin zombies (D:5)
  3 hobgoblin zombies (D:5)
  16 kobolds
  A kobold zombie (D:5)
  7 orc skeletons
  13 orc zombies
  2 rats
346 creatures vanquished.

Vanquished Creatures (others)
  A hound (D:4)
  An orc (Orc:1)
2 creatures vanquished.

Grand Total: 348 creatures vanquished

Notes
Turn   | Place    | Note
-------+----------+-------------------------------------------
     0 | D:1      | groovy9 the Troll Fighter began the quest for the Orb.
     0 | D:1      | Reached XP level 1. HP: 22/22 MP: 0/0
   218 | D:1      | Reached XP level 2. HP: 29/29 MP: 1/1
   276 | D:1      | You fall into a shaft and drop 1 floor!
   282 | D:2      | Found Tamal's Antique Weapon Emporium.
   309 | D:2      | Identified the +0 dagger of an ice cave {flame, rElec}
   329 | D:2      | Reached XP level 3. HP: 23/36 MP: 2/2
   552 | D:2      | Reached XP level 4. HP: 40/44 MP: 3/3
  1094 | D:2      | Reached XP level 5. HP: 53/53 MP: 4/4
  1401 | D:3      | Noticed Sigmund
  1412 | D:3      | Killed Sigmund
  1413 | D:3      | Reached XP level 6. HP: 62/62 MP: 5/5
  1862 | D:4      | Reached XP level 7. HP: 68/68 MP: 6/6
  1945 | D:4      | Noticed a steam dragon
  1952 | D:4      | Killed a steam dragon
  1954 | D:4      | Noticed a two-headed ogre
  1963 | D:4      | Killed a two-headed ogre
  1964 | D:4      | Reached skill level 5 in Shields
  1964 | D:4      | Reached skill level 5 in Unarmed Combat
  1964 | D:4      | Reached XP level 8. HP: 53/79 MP: 7/7
  2394 | D:5      | Entered Level 5 of the Dungeon
  2515 | D:5      | Reached skill level 5 in Dodging
  2537 | D:5      | Reached skill level 5 in Fighting
  2780 | D:5      | Reached XP level 9. HP: 88/88 MP: 8/8
  2800 | D:5      | Found a glowing golden altar of the Shining One.
  3007 | D:5      | Found a snail-covered altar of Cheibriados.
  3258 | D:6      | Found an iron altar of Okawaru.
  3274 | D:6      | Became a worshipper of Warmaster Okawaru
  3312 | D:6      | Found Cuwk's General Store.
  3442 | D:6      | Found a radiant altar of Vehumet.
  3446 | D:6      | Found a shimmering blue altar of Sif Muna.
  3580 | D:6      | Found a stormy altar of Qazlal.
  3581 | D:6      | Found a bloodstained altar of Trog.
  3665 | D:6      | Found a staircase to the Ecumenical Temple.
  3674 | Temple   | Entered the Ecumenical Temple
  4245 | D:7      | Reached * piety under Okawaru
  4899 | D:8      | Found a shadowy altar of Dithmenos.
  5197 | D:8      | Noticed Maurice
  5205 | D:8      | Maurice stole a ring of protection from cold
  5222 | D:8      | Something stole 3 javelins
  5226 | D:8      | Killed Maurice
  5227 | D:8      | Reached XP level 10. HP: 94/98 MP: 0/9
  5509 | D:8      | Reached skill level 5 in Throwing
  5689 | D:8      | Found a runed translucent gate.
  5691 | D:8      | Noticed an 11-headed hydra
  5691 | D:8      | Noticed howech's ghost (novice MiBe)
  5692 | D:8      | Found a runed translucent gate.
  5692 | D:8      | Found a runed translucent gate.
  6038 | D:9      | Reached ** piety under Okawaru
  6129 | D:9      | Reached skill level 1 in Invocations
  6246 | D:9      | Found a staircase to the Orcish Mines.
  6581 | D:9      | Found a staircase to the Lair.
  6675 | D:10     | Entered Level 10 of the Dungeon
  6985 | D:10     | Found a hide-covered altar of Uskayaw.
  6985 | D:10     | Noticed Harold
  7003 | D:10     | Killed Harold
  7003 | D:10     | Reached *** piety under Okawaru
  7027 | D:10     | Found a hazy altar of Hepliaklqana.
  7216 | D:10     | Found a blossoming altar of Fedhas.
  7345 | Lair:1   | Entered Level 1 of the Lair of Beasts
  7345 | Lair:1   | Noticed Gastronok
  7367 | D:9      | Killed Gastronok
  7368 | D:9      | Reached XP level 11. HP: 57/107 MP: 10/12
  7424 | D:9      | Reached **** piety under Okawaru
  7596 | Lair:1   | Noticed Amaemon
  7611 | Lair:1   | Killed Amaemon
  7775 | Lair:1   | Identified the +6 chain mail of Gravitas {rC- rN+ Dex+5}
  7847 | Lair:1   | Noticed Nergalle
  7850 | Lair:1   | Noticed a spectral orc warlord
  7864 | Lair:1   | Killed Nergalle
  8009 | Lair:1   | Found a runed translucent door.
  8015 | Lair:1   | Noticed rozman's ghost (novice DsGl)
  8016 | Lair:1   | Identified the +5 spear of Dissolution {elec, Str-5 Int+4}
  8019 | Lair:1   | Noticed a spriggan rider
  8480 | Orc:1    | Entered Level 1 of the Orcish Mines
  8638 | Orc:1    | Noticed Erica
  8665 | Orc:1    | HP: 5/109 [something (1)]
  8674 | Orc:1    | HP: 3/109 [poisoned by Erica (bolt of poison)]
  8675 | D:9      | HP: 1/109 [poisoned by Erica (bolt of poison)]
  8776 | Lair:2   | Noticed a seven-headed hydra
  8786 | Lair:2   | Killed a ten-headed hydra
  8789 | Lair:2   | Reached XP level 12. HP: 102/119 MP: 6/14
  8895 | Lair:2   | Found a staircase to the Shoals.
  8946 | Lair:2   | Reached skill level 5 in Invocations
  9003 | Lair:2   | Reached ***** piety under Okawaru
  9077 | Lair:2   | Found a staircase to the Snake Pit.
  9340 | Lair:3   | Noticed a six-headed hydra
  9363 | Lair:3   | HP: 7/178 [18-headed hydra (3)]
  9364 | Lair:3   | Killed a 19-headed hydra
 10000 | Lair:4   | Noticed a boulder beetle
 10020 | Lair:4   | Killed a boulder beetle
 10121 | Lair:4   | Found a transporter.
 10137 | Lair:4   | Noticed an eight-headed hydra
 10153 | Lair:4   | HP: 4/183 [17-headed hydra (7)]
 10153 | Lair:4   | Mangled by a 17-headed hydra

Illustrated notes

Levels and vault maps discovered:
D:1:      nagdon_arrival_zigzag_paths, layout_loops_ring,
          shapermc_ecumenical_altar_venn, minmay_misc_feat_x
D:2:      layout_basic, serial_shops, nicolae_shop_waterfront,
          guppyfry_early_orc_mine
D:3:      layout_rooms, uniq_sigmund
D:4:      layout_basic, nzn_random_ring
D:5:      layout_basic, nicolae_tso_besieged_by_evil, slow_altar_2
D:6:      layout_basic, amethyst_overflow_temple_binary,
          grunt_temple_overflow_open, okawaru_trees_1, lemuel_temple_firewalk_b,
          serial_shops, shop
D:7:      layout_basic
D:8:      layout_loops_corners, nicolae_dithmenos_the_darkroom,
          gammafunk_ghost_hydra_chop, uniq_maurice
D:9:      layout_cave_pools, lair_entry_dummy, zombieorc2_lemuel
D:10:     layout_cave_pools, marbit_many_paths, old_standard_altar,
          mainiacjoe_overflow_paths, uniq_harold
Temple:   minmay_freezing_vapour_temple
Lair:1:   layout_chaotic_city, ebering_ghost_funeral_grove,
          infiniplex_staircase_pool, uniq_amaemon, uniq_gastronok, uniq_nergalle
Lair:2:   layout_cave_shapes, nicolae_shoals_entry_roost,
          minmay_snake_entry_guardpost_small
Lair:3:   layout_hall_layers, dreamdust_gnoll_shepherd
Lair:4:   gammafunk_worm_tunnel, layout_cellular_growth,
          nicolae_slime_entry_slimehenge, serial_bayou, serial_bayou_lake_a,
          serial_bayou_crossing, serial_bayou_pond_e, serial_bayou_shore_b
Orc:1:    layout_diamond_mine, uniq_erica

Skill      XL: |  1  2  3  4  5  6  7  8  9 10 11 12 |
---------------+-------------------------------------+-----
Shields        | 3 4 5 6 7 8 9 |  9.3
Fighting       | 3 4 5 6 7 8 |  8.4
Dodging        | 3 4 5 6 7 8 |  8.5
Unarmed Combat | 3 4 5 7 8 9 |  9.8
Throwing       | 2 3 4 6 7 8 |  8.0
Invocations    | 2 4 5 |  5.8

Action                     |  1- 3 |  4- 6 |  7- 9 | 10-12 || total
---------------------------+-------+-------+-------+-------++-------
  Melee: Unarmed           |    79 |   147 |   331 |   645 ||  1202
  Throw: Javelin           |       |       |     1 |     1 ||     2
 Invoke: Heroism           |       |       |     1 |    23 ||    24
         Finesse           |       |       |       |     4 ||     4
    Use: Scroll            |       |     4 |     5 |     4 ||    13
         Potion            |       |     2 |     3 |    14 ||    19
   Stab: Sleeping          |       |       |     2 |       ||     2
 Armour: Robe              |    34 |    40 |   131 |   301 ||   506
         Troll leather arm |       |       |       |   216 ||   216
  Dodge: Dodged            |    30 |    62 |   192 |   563 ||   847
  Block: Kite shield       |    22 |    47 |   147 |   493 ||   709
